Map: 2000 Atmospheres LE

Players

Kevin - Winner!

  • Race: Zerg Zerg
  • League: Master

ROORKuSh

  • Race: Terran Terran
  • League: Master

VOD

Have the link to the VOD?

Description

Time

  • Played on: Aug. 17, 2021, 8:55 a.m.
  • Length: 9:19
Show
View Real Time Build Order
Export as new Build Order

Kevin Zerg - Winner!

Build Orders: Hatch First 

Get SALT Encoding   

  12  0:00  Drone  
  13  0:12  Overlord  
  13  0:17  Drone  
  14  0:31  Drone x2  
  14  0:35  Drone  
  17  0:52  Hatchery  
  17  0:55  Drone  
  17  0:58  Drone  
  18  1:09  Extractor  
  17  1:14  Spawning Pool  
  17  1:16  Drone  
  17  1:19  Drone  
  18  1:29  Drone  
  19  1:39  Overlord  
  19  2:01  Zergling x4  
  21  2:03  Queen x2  
  21  2:05  Zergling x2  
  26  2:13  Drone  
  26  2:14  Metabolic Boost  
  27  2:17  Drone  
  27  2:22  Drone  
  29  2:28  Drone  
  30  2:33  Drone  
  30  2:38  Extractor  
  30  2:39  Drone  
  30  2:50  Drone x2  
  33  2:53  Queen  
  35  2:59  Hatchery  
  35  3:00  Overlord  
  35  3:01  Drone  
  35  3:08  Drone  
  35  3:10  Overlord  
  36  3:19  Drone  
  37  3:20  Drone x5  
  37  3:21  Drone  
  37  3:24  Drone  
  44  3:28  Queen  
  44  3:33  Overlord  
  45  3:48  Drone x2  
  47  3:50  Overlord  
  47  3:54  Drone x3  
  49  4:02  Drone x4  
  53  4:09  Drone x2  
  55  4:12  Queen  
  55  4:13  Queen x2  
  60  4:23  Overlord  
  60  4:24  Drone  
  60  4:25  Drone x3  
  60  4:27  Extractor  
  63  4:31  Drone x2  
  63  4:33  Drone  
  66  4:40  Spore Crawler x2  
  66  4:42  Spore Crawler  
  63  4:47  Queen  
  63  4:49  Queen x2  
  69  4:58  Drone  
  70  5:02  Evolution Chamber  
  70  5:03  Evolution Chamber  
  70  5:04  Drone  
  70  5:05  Drone, Overlord, Baneling Nest  
  69  5:08  Drone  
  69  5:09  Drone  
  69  5:10  Drone  
  72  5:21  Drone x2  
  72  5:22  Drone, Hatchery, Extractor  
  72  5:25  Lair  
  72  5:27  Drone x3  
  72  5:28  Overlord  
  76  5:34  Overlord  
  76  5:35  Zergling x10  
  77  5:36  Zergling x2  
  82  5:45  Overlord  
  82  5:50  Zergling x2  
  82  5:51  Zergling x12  
  82  5:54  Queen  
  91  5:58  Zergling x8  
  91  6:00  Zergling x2  
  91  6:01  Zergling x2  
  97  6:09  Zergling x2  
  97  6:10  Zergling x4  
  99  6:22  Zerg Ground Armor Level 1, Centrifical Hooks, Zerg Melee Weapons Level 1  
  99  6:26  Zergling x10  
  99  6:27  Zergling x4  
  106  6:33  Overlord x2  
  106  6:34  Overlord  
  105  6:40  Zergling x2  
  105  6:41  Zergling x12  
  106  6:49  Zergling x2  
  106  6:50  Zergling x4  
  99  6:54  Zergling x2  
  99  6:55  Zergling x2  
  99  6:59  Zergling x2  
  98  7:05  Drone x5  
  98  7:07  Zergling x4  
  105  7:11  Overlord x2  
  105  7:15  Zergling x2, Spire  
  106  7:16  Zergling x4  
  106  7:18  Zergling x4  
  109  7:24  Zergling x2  
  110  7:33  Zergling x2  
  110  7:34  Zergling x10  
  116  7:40  Drone x3  
  116  7:42  Drone x3, Extractor  
  116  7:43  Overlord  
  120  7:45  Drone  
  120  7:46  Drone x3  
  120  7:47  Zergling x6  
  120  7:50  Zergling x2  
  127  7:56  Zergling x4  
  129  8:00  Zergling x4  
  129  8:03  Baneling x5  
  129  8:04  Baneling x24  
  129  8:05  Zergling x2  
  132  8:06  Zergling x8  
  134  8:18  Zergling x2  
  134  8:19  Zergling x20  
  133  8:27  Zergling x2  
  133  8:28  Zergling x4  
  133  8:31  Zergling x2  
  133  8:32  Zergling x6  
  137  8:40  Zergling x20  
  140  8:42  Zergling x2  
  140  8:43  Zergling x4  
  141  8:49  Zergling x6  
  141  8:52  Zergling x2  
  144  8:59  Baneling  
  144  9:00  Baneling x7  
Show
View Real Time Build Order
Export as new Build Order

ROORKuSh Terran 

Build Orders: Reaper Expand 

Get SALT Encoding   

  12  0:01  SCV  
  13  0:13  SCV  
  14  0:17  Supply Depot  
  14  0:25  SCV  
  15  0:39  SCV  
  15  0:40  Barracks  
  16  0:45  Refinery  
  16  0:51  SCV  
  17  1:03  SCV  
  18  1:15  SCV  
  19  1:29  Orbital Command  
  19  1:30  Reaper  
  20  1:42  Command Center  
  20  1:54  Supply Depot, SCV  
  21  2:02  Marine  
  21  2:06  SCV  
  21  2:07  Refinery  
  23  2:19  Factory, SCV  
  24  2:31  SCV  
  24  2:36  Barracks Reactor  
  25  2:48  SCV  
  26  2:54  Orbital Command  
  26  3:02  SCV  
  26  3:05  Factory Tech Lab, Starport  
  27  3:14  Marine x2  
  27  3:17  SCV  
  27  3:18  Command Center  
  31  3:20  SCV  
  31  3:29  SCV  
  31  3:32  SCV  
  31  3:33  Marine x2  
  32  3:42  SCV  
  32  3:44  SCV  
  31  3:49  Siege Tank  
  31  3:51  Marine x2  
  33  3:59  Supply Depot  
  33  4:02  Medivac  
  34  4:08  Barracks  
  34  4:09  Marine x2  
  35  4:14  SCV  
  35  4:15  SCV  
  36  4:25  Siege Tank  
  36  4:27  Marine x2  
  36  4:28  SCV  
  36  4:30  SCV  
  43  4:35  Medivac  
  45  4:40  SCV  
  45  4:42  SCV  
  47  4:46  Marine x2  
  47  4:48  Orbital Command  
  47  4:52  SCV  
  50  4:54  SCV  
  50  4:58  Barracks Tech Lab  
  51  5:03  Siege Tank  
  51  5:04  SCV  
  55  5:07  Barracks  
  55  5:09  SCV  
  55  5:11  Orbital Command  
  56  5:16  SCV  
  56  5:17  Marine x3  
  56  5:21  SCV  
  61  5:28  Supply Depot  
  61  5:30  Supply Depot x2, SCV  
  61  5:31  Supply Depot  
  61  5:35  Stimpack, Marine x2  
  64  5:38  SCV  
  64  5:39  SCV  
  66  6:01  Marine  
  67  6:05  Barracks  
  67  6:09  Barracks Reactor  
  61  6:20  Marine  
  61  6:21  SCV x3  
  65  6:33  SCV x3, Marine x2  
  65  6:36  Supply Depot  
  65  6:38  Marine  
  70  6:40  Barracks x3  
  70  6:42  Barracks  
  70  6:44  Siege Tank  
  70  6:45  SCV x3  
  75  6:50  Starport Reactor  
  75  6:51  Marine  
  70  6:55  Marine x4  
  70  6:57  SCV  
  74  7:06  Barracks Reactor  
  74  7:08  Marine  
  74  7:13  SCV, Marine x2  
  74  7:15  Refinery, Combat Shield, SCV x2  
  80  7:16  Siege Tank, Refinery  
  80  7:19  Marine x2  
  85  7:25  SCV  
  85  7:26  Marine  
  85  7:27  Medivac x2, SCV x2  
  93  7:31  Marine x2  
  93  7:33  Engineering Bay  
  93  7:36  Engineering Bay  
  93  7:37  Marine x2  
  95  7:40  Barracks Reactor  
  95  7:42  Barracks Reactor x2  
  97  7:44  Marine  
  97  7:45  Marine x2  
  97  7:49  Barracks Reactor, Marine x2  
  102  7:54  SCV, Marine  
  102  7:55  SCV x2, Marine  
  107  8:02  Marine  
  107  8:03  Marine  
  109  8:21  Marine  
  109  8:23  Marine x6  
  109  8:24  Medivac x2, SCV x3  
  104  8:31  Marine x7  
  104  8:32  Marine  
  105  8:36  SCV x2  
  105  8:39  Marine  
  105  8:40  Marine  
  97  8:41  Marine x5  
  84  8:49  Marine x7  
  84  8:50  Marine  
  85  8:57  Marine  
  85  8:58  Marine  
  85  8:59  Marine x5  
Tags
 
Add a new tag
Caveats
  • Supply blocks, unpowered buildings, or Contaminate may cause inaccurate times.
  • Supply counts are checked every 10 seconds.